 Dungeon Crawl Stone Soup version 0.27-a0-1200-g94dc6ad4cf (webtiles) character file.

Game seed: 6263517722799336563

119 funkygono the Firebug (level 5, 0/28 HPs)
             Began as a Gargoyle Fire Elementalist on May 31, 2021.
             Was an Initiate of Sif Muna.
             Slain by Grinder (1 damage)
             ... on level 3 of the Dungeon.
             The game lasted 00:06:06 (2546 turns).

funkygono the Firebug (Gargoyle Fire Elementalist)  Turns: 2546, Time: 00:06:07

Health: 0/28       AC:  8    Str: 11    XL:     5   Next: 3%
Magic:  0/9        EV: 11    Int: 17    God:    Sif Muna [......]
Gold:   79         SH:  0    Dex: 10    Spells: 3/10 levels left

rFire    . . .     SeeInvis .   j - +0 whip
rCold    . . .     Faith    .   (no shield)
rNeg     + . .     Spirit   .   a - +0 robe
rPois    ∞         Reflect  .   n - +0 helmet
rElec    +         Harm     .   (no cloak)
rCorr    .         Rampage  .   b - +0 pair of gloves
Will     .....                  (no boots)
Stlth    ++........             (no amulet)
HPRegen  0.09/turn              (no ring)
MPRegen  0.11/turn              (no ring)

@: brilliant
A: sickness immunity, AC +4, negative energy resistance 1, electricity
resistance, torment resistance 1, petrification resistance
a: Renounce Religion


You were on level 3 of the Dungeon.
You worshipped Sif Muna.
Sif Muna was noncommittal.
You visited 1 branch of the dungeon, and saw 3 of its levels.

You collected 79 gold pieces.

Inventory:

Hand Weapons
 j - a +0 whip (weapon)
 l - a +0 flail
Missiles
 d - a throwing net
 g - 59 stones
Armour
 a - a +0 robe (worn)
 b - a +0 pair of gloves (worn)
 k - a +0 leather armour
 n - a +0 helmet (worn)
Scrolls
 c - a scroll of identify {unknown}
 o - 2 scrolls of fear
 p - 2 scrolls of teleportation
 q - a scroll of fog
Potions
 e - a potion of berserk rage {unknown}
 f - a potion of flight {unknown}
 h - a potion of brilliance
 i - a potion of magic {unknown}
 m - a potion of might {unknown}
 r - a potion of curing {unknown}


   Skills:
 + Level 1.5 Dodging
 - Level 2.1 Stealth
 * Level 3.1 Spellcasting
 * Level 2.9 Conjurations
 * Level 4.0 Fire Magic


You had 3 spell levels left.
You knew the following spells:

 Your Spells              Type           Power      Damage    Failure   Level
a - Foxfire               Conj/Fire      84%        2x1d8     4%          1
b - Conjure Flame         Conj/Fire      21%        6-21      12%         3
c - Inner Flame           Hex/Fire       14%        N/A       22%         3

Your spell library contained the following spells:

 Spells                   Type           Power      Damage    Failure   Level
 Sticky Flame             Conj/Fire      21%        2d4       38%         4
 Fireball                 Conj/Fire      10%        3d6       75%         5


Dungeon Overview and Level Annotations

Branches:
Dungeon (3/15)

Altars:
Sif Muna

Annotations:
D:3 3 runed translucent doors, Grinder


Innate Abilities, Weirdness & Mutations

You are immune to sickness and miasma.
Your stone body is resilient. (AC +4)
You are immune to poison.
You resist negative energy. (rN+)
You are resistant to electric shocks. (rElec)
You are resistant to unholy torment.
You are immune to petrification.


Message History

Grinder is lightly wounded.
Grinder hits you.
You writhe in agony.
You closely miss Grinder.
Grinder is lightly wounded.
Grinder gestures at you.
You barely resist. You closely miss Grinder.
Grinder is lightly wounded.
Grinder gestures at you. Pain shoots through your body!
Casting: Foxfire (safe; 4% risk of failure)
Confirm with . or Enter, or press ? or * to list all spells.
You conjure some foxfire!
Grinder hits you but does no damage.
The foxfire hits Grinder but does no damage.
Grinder is lightly wounded.
The foxfire hits Grinder but does no damage.
Grinder is lightly wounded.
Grinder hits you.
You hit Grinder.
Grinder is moderately wounded.
Grinder barely misses you.
You hit Grinder.
Grinder is moderately wounded.
Grinder hits you.
* * * LOW HITPOINT WARNING * * *
You writhe in agony.
* * * LOW HITPOINT WARNING * * *
You hit Grinder.
Grinder is moderately wounded.
Grinder barely misses you.
It was a potion of brilliance.
You feel clever all of a sudden.
Grinder says, "Tell me all your secrets, or I'll kill you."
Grinder hits you but does no damage.
Casting: Foxfire (safe; 4% risk of failure)
Confirm with . or Enter, or press ? or * to list all spells.
You feel a surge of power!
You conjure some foxfire!
Grinder hits you.
* * * LOW HITPOINT WARNING * * *
You writhe in agony.
You die...

................... #.#
###.........###### #.#
#.........# + #..
#.........##### .. ##.
#.............# ... #######.
#.............# .... +.......
#........)....##.....
##......
...........5vv...............
............@#######.........
.........##### .........
######### ......... .........
.........


You could see Grinder (ally target).

Vanquished Creatures
  Natasha (D:3)
  Robin (D:2)
  2 adders (D:2)
  A dart slug (D:3)
  4 endoplasms
  4 giant cockroaches
  11 goblins
  11 hobgoblins
  4 kobolds
  2 quokkas
  8 ball pythons
  5 bats
  3 frilled lizards (D:1)
  4 rats
61 creatures vanquished.

Vanquished Creatures (others)
  165 foxfires
165 creatures vanquished.

Grand Total: 226 creatures vanquished

Notes
Turn   | Place    | Note
-------+----------+-------------------------------------------
     0 | D:1      | funkygono the Gargoyle Fire Elementalist began the quest
                  | for the Orb.
     0 | D:1      | Reached XP level 1. HP: 10/10 MP: 3/3
    59 | D:1      | Found a faded altar of an unknown god.
   223 | D:1      | Reached XP level 2. HP: 15/15 MP: 0/5
   559 | D:1      | Reached XP level 3. HP: 19/19 MP: 1/6
   617 | D:1      | Learned a level 3 spell: Conjure Flame
  1022 | D:2      | Found a shimmering blue altar of Sif Muna.
  1028 | D:2      | Became a worshipper of Sif Muna the Loreminder
  1520 | D:2      | Reached XP level 4. HP: 24/24 MP: 2/8
  1742 | D:2      | Noticed Robin
  1748 | D:2      | Killed Robin
  1882 | D:2      | Reached skill level 4 in Fire Magic
  2124 | D:2      | Learned a level 3 spell: Inner Flame
  2165 | D:3      | Found a runed translucent gate.
  2166 | D:3      | Found a runed translucent gate.
  2166 | D:3      | Found a runed translucent gate.
  2425 | D:3      | Noticed Natasha
  2429 | D:3      | Killed Natasha
  2430 | D:3      | Reached XP level 5. HP: 28/28 MP: 4/9
  2522 | D:3      | Noticed Grinder
  2523 | D:3      | Paralysed by Grinder for 2 turns
  2529 | D:3      | Paralysed by Grinder for 4 turns
  2546 | D:3      | HP: 1/28 [Grinder (5)]
  2546 | D:3      | Slain by Grinder

Illustrated notes

Levels and vault maps discovered:
D:1:      nagdon_arrival_double_spiral, layout_rooms, basic_ecumenical_altar
D:2:      layout_loops_corners, basic_altar, uniq_robin
D:3:      layout_basic, gammafunk_ghost_necromancy, minmay_stone_trees_medium,
          uniq_grinder, uniq_natasha

Skill      XL: |  1  2  3  4 |
---------------+-------------+-----
Spellcasting   | 3 |  3.1
Conjurations   | 2 |  2.9
Fire Magic     | 4 |  4.0
Dodging        | |  1.5
Stealth        | |  2.1

Action                   |  1- 3 |  4- 6 || total
-------------------------+-------+-------++-------
Melee: Club              |     8 |       ||     8
       Whip              |     8 |    17 ||    25
 Cast: Foxfire           |    51 |    47 ||    98
  Use: Scroll            |     2 |     2 ||     4
       Potion            |       |     1 ||     1
 Stab: Sleeping          |       |     1 ||     1
Armor: Robe              |    11 |    14 ||    25
Dodge: Dodged            |    21 |    16 ||    37

Table legend: (Time is in decaauts)
 A = Elapsed time spent in this place.
 B = Non-inter-level travel time spent in this place.
 C = Inter-level travel time spent in this place.
 D = Time resting spent in this place.
 E = Time spent auto-exploring this place.
 F = Levels seen in this place.
 G = Mean time per level.
                   A        B        C        D        E       F      G
               +--------+--------+--------+--------+--------+-----+--------+
         Total |   2549 |   2500 |     49 |      0 |   2029 |   3 |  849.7 |
       Dungeon |   2549 |   2500 |     49 |      0 |   2029 |   3 |  849.7 |
               +--------+--------+--------+--------+--------+-----+--------+

Top non-repeatable levels by time:
     D:2: 1303 daAuts
     D:1: 860 daAuts
     D:3: 385 daAuts
